 Dungeon Crawl Stone Soup version 0.21.0 (webtiles) character file.

174 rageheart7 the Stinger (level 5, -4/31 HPs)
             Began as an Octopode Venom Mage on Jan 6, 2018.
             Killed from afar by an orc wizard (6 damage)
             ... with a puff of frost
             ... on level 4 of the Dungeon.
             The game lasted 00:08:56 (2724 turns).

rageheart7 the Stinger (Octopode Venom Mage)        Turns: 2724, Time: 00:08:59

Health: -4/31      AC:  1    Str:  7    XL:     5   Next: 54%
Magic:  0/10       EV: 18    Int: 24    God:
Gold:   169        SH:  0    Dex: 17    Spells: 4/10 levels left

rFire    . . .     SeeInvis .   e - +0 dagger
rCold    . . .     Gourm    .   (no shield)
rNeg     . . .     Faith    .   (helmet restricted)
rPois    .         Spirit   .   (no amulet)
rElec    .         Reflect  .   l - +5 ring of intelligence
rCorr    .         Harm     .   (no ring)
MR       +....                  (no ring)
Stlth    ++++......             (no ring)
HPRegen  0.10/turn              (no ring)
MPRegen  0.12/turn              (no ring)
                                (no ring)
                                (no ring)

@: agile, lethally poisoned (-4 -> -9), hasted, drained, very quick
A: almost no armour, stealthy swim, amphibious, 8 rings, constrict 8, camouflage
1, high mp 1, magic resistance 1, gelatinous body 1
a: no special abilities


You were on level 4 of the Dungeon.
You were not hungry.

You visited 1 branch of the dungeon, and saw 4 of its levels.

You collected 169 gold pieces.

Inventory:

Hand Weapons
 e - a +0 dagger (weapon)
Armour
 f - a +2 shield
Jewellery
 l - a +5 ring of intelligence (left tentacle)
Scrolls
 h - 4 scrolls of remove curse
 j - a scroll of enchant weapon {unknown}
 k - 2 scrolls of fog
Potions
 g - 2 potions of might
 i - a potion of flight
 m - a potion of cancellation
Books
 a - a Young Poisoner's Handbook

   Spells                             Type                      Level
   a - Sting                          Conjuration/Poison           1
   b - Poisonous Vapours              Poison/Air                   2
   c - Mephitic Cloud                 Conjuration/Poison/Air       3
   d - Olgreb's Toxic Radiance        Poison                       4
   e - Venom Bolt                     Conjuration/Poison           5
Comestibles
 b - 7 rations
 c - 2 chunks of flesh


   Skills:
 - Level 2.0(1.6) Dodging
 - Level 2.6(2.3) Stealth
 + Level 3.2(2.9) Spellcasting
 * Level 1.3(1.0) Conjurations
 - Level 0.3(0.0) Air Magic
 - Level 6.1(5.8) Poison Magic


You had 4 spell levels left.
You knew the following spells:

 Your Spells              Type           Power        Failure   Level  Hunger
a - Sting                 Conj/Pois      ###.         2%          1    None
b - Poisonous Vapours     Pois/Air       ###...       4%          2    ##.....
c - Mephitic Cloud        Conj/Pois/Air  ##......     13%         3    ###....


Dungeon Overview and Level Annotations

Branches:
Dungeon (4/15)
 Temple: D:4-7

Altars:
Elyvilon
Gozag


Innate Abilities, Weirdness & Mutations

You cannot wear most types of armour.
You are very stealthy in the water. (Stealth+)
You are amphibious.
You can wear up to eight rings at the same time.
You can use your tentacles to constrict eight enemies at once.
Your skin changes colour to match your surroundings (Stealth+).
Your rubbery body absorbs attacks. (AC +1, EV +1)
You have an increased reservoir of magic. (+10% MP)
You are resistant to hostile enchantments. (MR+)


Message History

You kill the adder!
* * * LOW HITPOINT WARNING * * *
You feel sick. Something barely misses you.
You feel magically purged. Something hits you.
* * * LOW HITPOINT WARNING * * *
It was a potion of agility.
You feel agile all of a sudden.
* * * LOW HITPOINT WARNING * * *
You feel sick. Something hits you.
* * * LOW HITPOINT WARNING * * *
Something hits you but does no damage.
It was a potion of haste.
You feel yourself speed up. Something hits you but does no damage.
It was a potion of mutation.
You feel extremely strange.
You feel more energetic.
You feel resistant to hostile enchantments.
You hear some strange, mumbled words.
A puff of frost appears from out of thin air!
The puff of frost hits you!
You die...

### .. #?
#.###########
######...........##+##
.........###.###.....#
.........# #.# #.....#
.......()###+###.....#
.......@...+_+.......#
###.....{#######.....#
#...)..# ## #.##'##
####...#######.##.#
..............##.#
#......######...##.#
#......# #..###.#
#####.## #....#.# #.
####.#+####


There were no monsters in sight!

Vanquished Creatures
  An orc wizard (D:4)
  A worker ant (D:2)
  5 adders
  A shadow imp (D:3)
  A worm (D:3)
  2 dart slugs
  A leopard gecko (D:3)
  2 orcs
  3 giant cockroaches
  5 goblins
  10 hobgoblins
  10 jackals
  3 kobolds
  A quokka (D:2)
  9 bats
  2 frilled lizards
  3 rats
60 creatures vanquished.

Notes
Turn   | Place    | Note
-------+----------+-------------------------------------------
     0 | D:1      | rageheart7 the Octopode Venom Mage began the quest for the Orb.
     0 | D:1      | Reached XP level 1. HP: 11/11 MP: 3/3
   131 | D:1      | Reached skill level 4 in Poison Magic
   202 | D:1      | Reached XP level 2. HP: 15/17 MP: 0/5
   822 | D:2      | Reached XP level 3. HP: 21/21 MP: 6/6
   829 | D:2      | Learned a level 2 spell: Poisonous Vapours
   833 | D:2      | Learned a level 3 spell: Mephitic Cloud
   858 | D:2      | Reached skill level 5 in Poison Magic
   858 | D:2      | Reached XP level 4. HP: 16/27 MP: 1/7
  1871 | D:3      | Found a white marble altar of Elyvilon.
  2056 | D:3      | Reached skill level 6 in Poison Magic
  2155 | D:3      | Reached XP level 5. HP: 27/31 MP: 3/9
  2669 | D:4      | Found an opulent altar of Gozag.
  2722 | D:4      | HP: 1/31 [something (2)]
  2724 | D:4      | Gained mutation: You have an increased reservoir of magic. (+10% MP) [potion of mutation]
  2724 | D:4      | Gained mutation: You are resistant to hostile enchantments. (MR+) [potion of mutation]
  2724 | D:4      | Killed from afar by an orc wizard

Skill      XL: |  1  2  3  4  5 |
---------------+----------------+-----
Poison Magic   | 4 5 6 |  6.1
Spellcasting   | 3 |  3.2
Dodging        | |  2.0
Stealth        | |  2.6
Conjurations   | |  1.3
Air Magic      | |  0.3

Action                   |  1- 3 |  4- 6 || total
-------------------------+-------+-------++-------
Melee: Dagger            |    22 |    70 ||    92
       Unarmed           |     4 |       ||     4
       Constrict         |     8 |    19 ||    27
       Tentacles         |     4 |    12 ||    16
 Cast: Sting             |    16 |     7 ||    23
       Poisonous Vapours |     3 |    25 ||    28
       Mephitic Cloud    |       |     2 ||     2
  Use: Scroll            |     7 |     5 ||    12
       Potion            |       |     6 ||     6
 Stab: Sleeping          |     3 |     4 ||     7
       Confused          |       |     1 ||     1
  Eat: Chunk             |       |     4 ||     4
       Ration            |       |     1 ||     1
Armor: Skin              |     2 |    10 ||    12
Dodge: Dodged            |    21 |    65 ||    86
